[Event "1000 GM Labor Day Super Swiss 2024"]
[Site "San Jose"]
[Date "2024.09.02"]
[Round "5.1"]
[White "Schitco, Ivan"]
[Black "Mikaelyan, Arman"]
[Result "1/2-1/2"]
[Annotator "TA"]
[ECO "E94"]
[WhiteElo "2518"]
[BlackElo "2529"]
[PlyCount "42"]
[EventDate "2024.08.30"]
[EventType "swiss"]
[EventCountry "USA"]
[SourceTitle "playchess.com"]
[Source "ChessBase"]
[SourceQuality "1"]
[TimeControl "5400+30"]

1. c4 Nf6 2. Nf3 g6 3. Nc3 Bg7 4. d4 O-O 5. e4 d6 6. Be2 e5 7. O-O Bg4 8. d5 a5 9. Ne1 Bxe2 10. Qxe2 Na6 11. Nd3 {[%emt 0:04:58] White is slightly better.} b6 12. Bd2 Nd7 13. g3 f5 14. f3 Nac5 15. Nf2 Rf7 16. Kg2 Qf8 17. Nb5 Rc8 18. b4 axb4 {[%emt 0:00:47] The position is equal.} 19. Bxb4 h5 20. Rae1 Na6 21. Bc3 Nac5 {[%emt 0:06:01] Weighted Error Value: White=0.14 (very precise) /Black=0.08 (flawless) .  Inaccurate:     	White=2     	---        OK:         	---       	Black=5} 1/2-1/2

[Event "1000 GM Labor Day Super Swiss 2024"]
[Site "San Jose"]
[Date "2024.09.02"]
[Round "5.2"]
[White "Quesada Perez, Yasser"]
[Black "Hevia Alejano, Carlos Antonio"]
[Result "1-0"]
[Annotator "TA"]
[ECO "C07"]
[WhiteElo "2581"]
[BlackElo "2414"]
[PlyCount "63"]
[EventDate "2024.08.30"]
[EventType "swiss"]
[EventCountry "USA"]
[SourceTitle "playchess.com"]
[Source "ChessBase"]
[SourceQuality "1"]
[TimeControl "5400+30"]

1. e4 e6 2. d4 d5 3. Nd2 c5 4. Ngf3 cxd4 5. Nxd4 Nc6 6. Bb5 Bd7 7. Nxc6 bxc6 8. Bd3 Qc7 9. Qe2 Ne7 10. g3 Ng6 11. b3 {[%emt 0:04:19] White is slightly better.} Bb4 12. Bb2 O-O 13. O-O-O c5 14. a3 Bxd2+ 15. Qxd2 d4 $1 16. f4 {[%emt 0:00:56] Wards off Ne5} Rab8 17. h4 Ne7 18. h5 h6 ({Black should play} 18... Nc6 $15) 19. g4 $14 Bb5 20. Bxb5 Rxb5 21. Rhg1 Rd8 (21... f6 $1 $11 {remains equal.}) 22. g5 $16 hxg5 23. Rxg5 f6 24. Rg3 $36 {[%emt 0:02:37][%mdl 2048] Threatens to win with Rdg1. White is in control.} c4 {[%emt 0:07:17] [#]} 25. Rc3 Rc5 $1 $11 26. Rxc4 Rxc4 27. bxc4 Qxc4 28. h6 gxh6 29. f5 e5 $2 (29... exf5 $11 30. Qxh6 Rc8) 30. Qxh6 $18 {[%emt 0:01:21] White is clearly winning.} Rc8 31. Rg1+ (31. Qxf6 $2 Qxc2#) 31... Kf7 32. Qh5+ {[%emt 0:00:10] Weighted Error Value: White=0.14 (very precise) /Black=0.43.  Loses game:     	---       	Black=1      Mistake:       	White=1     	Black=2      Inaccurate:     	White=4     	Black=3      OK:         	White=5     	Black=6      Best:        	White=3     	Black=3      Strong:       	---       	Black=2} 1-0

[Event "1000 GM Labor Day Super Swiss 2024"]
[Site "San Jose"]
[Date "2024.09.02"]
[Round "5.3"]
[White "Harsha Bharathakoti"]
[Black "Delgado Ramirez, Neuris"]
[Result "1/2-1/2"]
[Annotator "RC"]
[ECO "E21"]
[WhiteElo "2550"]
[BlackElo "2485"]
[PlyCount "124"]
[EventDate "2024.08.30"]
[EventType "swiss"]
[EventCountry "USA"]
[SourceTitle "playchess.com"]
[Source "ChessBase"]
[SourceQuality "1"]
[TimeControl "5400+30"]

1. d4 Nf6 2. c4 e6 3. Nc3 Bb4 4. Nf3 b6 5. Qb3 Qe7 6. g3 Bb7 7. Bg2 Bxc3+ 8. Qxc3 Be4 9. O-O d6 10. b3 Nbd7 11. Rd1 O-O 12. Bb2 Rfe8 13. Bf1 c5 14. dxc5 Nxc5 15. Rac1 Rad8 16. h3 h6 17. Qe3 e5 18. b4 Ne6 19. a3 Bb7 20. Bg2 Qc7 21. Qb3 Qc8 22. h4 Qa8 23. Bh3 a5 24. Qe3 Bc6 25. Qxb6 axb4 26. axb4 Bxf3 27. exf3 Qxf3 28. Bg2 Qb3 29. Bc3 d5 30. cxd5 Nxd5 31. Bxd5 Rxd5 32. Rxd5 Qxd5 33. Qa5 Qxa5 34. bxa5 Ra8 35. Rb1 Rc8 36. Rb3 f6 37. Ra3 Ra8 38. Kg2 Kf7 39. Kf3 Nc7 40. Rb3 Nd5 41. Bd2 f5 42. Rb7+ Kf6 43. Rd7 Ne7 44. Bb4 Ng8 45. Rb7 g5 46. hxg5+ hxg5 47. Ke3 Ke6 48. Kd3 f4 49. Kc4 e4 50. gxf4 gxf4 51. Kb5 Nf6 52. a6 Nd5 53. Ba5 f3 54. Be1 e3 55. fxe3 Nxe3 56. a7 Ng4 57. Ka6 f2 58. Bxf2 Nxf2 59. Rb8 Rxa7+ 60. Kxa7 Ne4 61. Re8+ Kd5 62. Rxe4 Kxe4 1/2-1/2

[Event "1000 GM Labor Day Super Swiss 2024"]
[Site "San Jose"]
[Date "2024.09.02"]
[Round "5.4"]
[White "Koustav Chatterjee"]
[Black "Macovei, Andrei"]
[Result "1/2-1/2"]
[Annotator "TA"]
[ECO "E53"]
[WhiteElo "2524"]
[BlackElo "2466"]
[PlyCount "35"]
[EventDate "2024.08.30"]
[EventType "swiss"]
[EventCountry "USA"]
[SourceTitle "playchess.com"]
[Source "ChessBase"]
[SourceQuality "1"]
[TimeControl "5400+30"]

1. d4 Nf6 2. c4 e6 3. Nc3 Bb4 4. e3 O-O 5. Bd3 d5 6. a3 Bxc3+ 7. bxc3 dxc4 8. Bxc4 c5 9. Nf3 Qc7 10. Be2 {[%emt 0:00:07] The position is equal.} b6 11. Bb2 cxd4 12. cxd4 Ba6 13. O-O Bxe2 14. Qxe2 Nbd7 15. e4 Rfc8 16. Rfc1 {[%emt 0:00:05] Against Qc2} Qb7 17. Re1 b5 18. Rab1 {[%emt 0:01:44] An uneventful encounter.   Weighted Error Value: White=0.07 (flawless) /Black=0.07 (flawless) .  OK:         	White=2     	Black=2} 1/2-1/2

[Event "1000 GM Labor Day Super Swiss 2024"]
[Site "San Jose"]
[Date "2024.09.02"]
[Round "5.5"]
[White "Batchuluun, Tsegmed"]
[Black "Cordova, Emilio"]
[Result "0-1"]
[Annotator "TA"]
[ECO "A90"]
[WhiteElo "2458"]
[BlackElo "2519"]
[PlyCount "58"]
[EventDate "2024.08.30"]
[EventType "swiss"]
[EventCountry "USA"]
[SourceTitle "playchess.com"]
[Source "ChessBase"]
[SourceQuality "1"]
[TimeControl "5400+30"]

1. d4 e6 2. c4 f5 3. g3 Nf6 4. Bg2 Bb4+ 5. Bd2 Qe7 6. Nf3 Bxd2+ 7. Nbxd2 d6 8. O-O O-O {[%emt 0:02:20] White is slightly better.} 9. Re1 e5 {[%emt 0:09:44] Strongly threatening ...e4.} 10. e4 Nc6 11. dxe5 dxe5 12. exf5 Bxf5 13. Qb3 Rab8 14. Qc3 Rbe8 15. Re2 Qd8 (15... Nd7 $14 {is more appropriate.}) 16. Nb3 (16. Nxe5 Nd4 17. Ree1 Nc2 $15) (16. Rae1 $1 $16) 16... e4 $11 17. Nfd4 Nxd4 18. Qxd4 b6 19. Rae1 Qc8 20. Nd2 Rd8 21. Qc3 Bg4 $1 $36 {[%emt 0:00:28][%mdl 2048] Black is more active.} 22. Re3 Qf5 23. Qc2 {[%emt 0:14:01] [#]} (23. Nxe4 $2 Nxe4 24. Rxe4 Qxf2+ 25. Kh1 Rd2 $19) (23. f4 $11 {remains equal.} exf3 24. Nxf3) 23... Nd5 $1 $17 {[%emt 0:06:31] Black is more active.} 24. cxd5 $4 (24. Nf1 $17 Nb4 (24... Nxe3 25. Nxe3 Qd7 26. Nxg4 $17) 25. Qxe4) 24... Qxf2+ $19 25. Kh1 {[%emt 0:00:02] [#]} Bf3 {[%emt 0:00:17] Black is clearly winning.} (25... Rxd5 26. Qc4 Qxd2 27. Bxe4 $11) 26. Nxf3 Qxc2 27. Rxe4 Rxd5 {[%emt 0:00:51][%cal Od5d1] White must now prevent ...Rd1!} 28. R4e2 Qc5 29. Ne5 Rd6 {[%emt 0:00:37] Weighted Error Value: White=0.31/Black=0.04 (flawless) .  Loses game:     	White=2     	---        Mistake:       	White=2     	Black=1      OK:         	White=14    	Black=13     Best:        	---       	Black=1      Strong:       	---       	Black=2} 0-1

[Event "1000 GM Labor Day Super Swiss 2024"]
[Site "San Jose"]
[Date "2024.09.02"]
[Round "5.6"]
[White "Sheng, Joshua"]
[Black "Chen, Ryo"]
[Result "1/2-1/2"]
[Annotator "TA"]
[ECO "B51"]
[WhiteElo "2474"]
[BlackElo "2408"]
[PlyCount "90"]
[EventDate "2024.08.30"]
[EventType "swiss"]
[EventCountry "USA"]
[SourceTitle "playchess.com"]
[Source "ChessBase"]
[SourceQuality "1"]
[TimeControl "5400+30"]

1. e4 c5 2. Nf3 d6 3. Bb5+ Nd7 4. O-O a6 5. Be2 Ngf6 6. d3 {[%emt 0:00:05] B51: Sicilian: Moscow Variation (3 Bb5+) without 3...Bd7.} g6 7. c4 Bg7 8. Nc3 e5 9. Ne1 $146 ({Predecessor:} 9. a3 O-O 10. b4 Ne8 11. Rb1 b6 12. bxc5 dxc5 13. Nd5 Nd6 14. Bd2 Rb8 15. Bc3 {½-½ Psyk,R (2461)-Velpula,S (2444) Pozarevac Rudar GM 01 2024 (7.1)}) 9... Rb8 10. Rb1 Nf8 11. Nc2 Ne6 12. b4 cxb4 13. Nxb4 Bd7 14. Be3 O-O 15. Qd2 Bc6 16. Rb2 Nd7 17. Rfb1 f5 18. f3 Bf6 19. Ncd5 Bxd5 20. Nxd5 Ndc5 21. exf5 gxf5 22. Rb6 f4 $1 23. Bf2 Bg7 (23... Qd7 $11) 24. Kh1 Qd7 25. g3 (25. Nc3 $16) 25... fxg3 26. hxg3 Nd4 (26... e4 $11 27. dxe4 Nxe4 28. fxe4 Rxf2) 27. Kg2 $14 Nce6 28. Bd1 (28. Bxd4 $14 Nxd4 29. Qe3) 28... Rf7 29. f4 $2 (29. Nc3 $14 {stays ahead.}) 29... exf4 $19 30. gxf4 Nxf4+ 31. Nxf4 Rbf8 32. Bg3 {[%emt 0:17:06] [#]} Be5 $1 33. Qe1 (33. Nh5 Qf5 34. Kh2 (34. Rxb7 $2 {is a self mate.} Qf1+ 35. Kh2 Rf2+) 34... Qg6 $19 (34... Qxh5+ $2 35. Bxh5 Rf2+ 36. Qxf2 $18)) 33... Bxf4 $2 (33... Rxf4 $19 34. Bxf4 Rxf4 35. Qg3+ (35. Rxb7 $2 {loses.} Qc6+ 36. Kg1 Nf3+ 37. Bxf3 Qxf3 $19) 35... Kf8 36. Rxb7 Qc6+ 37. Kg1 Rf1+ 38. Kxf1 Bxg3 39. Rxh7 d5) 34. Rxb7 $11 Qxb7+ 35. Rxb7 Rxb7 36. Bxf4 Rxf4 37. Qe8+ Rf8 38. Qe4 Rg7+ $1 39. Kh3 Nf5 40. Bg4 Nh6 41. Qe6+ Nf7 42. Bh5 Rg5 43. Bxf7+ Rxf7 44. Qxd6 Rg6 45. Qd5 Kg7 1/2-1/2

[Event "1000 GM Labor Day Super Swiss 2024"]
[Site "San Jose"]
[Date "2024.09.02"]
[Round "5.7"]
[White "Corrales Jimenez, Fidel"]
[Black "Yoo, Christopher Woojin"]
[Result "1-0"]
[Annotator "TA"]
[ECO "B12"]
[WhiteElo "2564"]
[BlackElo "2616"]
[PlyCount "109"]
[EventDate "2024.08.30"]
[EventType "swiss"]
[EventCountry "USA"]
[SourceTitle "playchess.com"]
[Source "ChessBase"]
[SourceQuality "1"]
[TimeControl "5400+30"]

1. e4 c6 2. d4 d5 3. e5 Bf5 4. Nd2 e6 5. Nb3 Nd7 6. Nf3 Ne7 {[%emt 0:02:32] B12: Caro-Kann: Advance Variation.} 7. Be2 h6 8. O-O Bh7 9. a4 $1 {[%emt 0:00:15][%mdl 4] is currently scoring better than 9.Bd2.} a5 10. Bd2 Qb6 11. h3 Be4 $146 ({Predecessor:} 11... Ng6 12. Qe1 Bb4 13. Bxb4 Qxb4 14. Qxb4 axb4 15. Bd3 c5 16. Nxc5 Nxc5 17. dxc5 Ra5 {1-0 So,W (2770)-Carlsen,M (2862) Skilling op KO rapid 2020 (3.31)}) 12. Ne1 Bh7 13. Rc1 Nf5 14. Nf3 Bb4 15. c3 Be7 16. Re1 O-O 17. Bd3 Bg6 18. Bf1 Rfd8 19. g3 Bh7 20. Kg2 c5 21. Bb5 cxd4 22. cxd4 Bf8 (22... Nb8 $1 $11) 23. g4 $14 Ne7 24. g5 $1 h5 25. Nh4 Be4+ {[%emt 0:00:30] [#]} (25... Nb8 $14) 26. Rxe4 $1 $16 dxe4 27. Qxh5 g6 28. Qe2 (28. Qg4 {keeps more tension.} Kg7 29. Qxe4 Nb8 30. Nc5) 28... Bg7 (28... Nb8 $1 $14) 29. Qxe4 Nf8 (29... Nb8 $16) 30. Nf3 $18 Rd5 31. Nc5 Nc6 (31... Qa7 $16 {was worth a try.} 32. Be3 (32. Bc4 b6 $18) 32... Rc8) 32. Be3 Nd7 $2 (32... Ne7 33. Bc4 Rxc5) 33. Nxb7 $18 (33. Nxe6 fxe6 34. Qxg6 Ne7 $16) 33... Na7 34. Nc5 Nxc5 35. dxc5 (35. Rxc5 Nxb5 36. Rxb5 (36. axb5 Rad8 $11) 36... Rxb5 37. Qxa8+ (37. axb5 Rb8 $17) 37... Qb8 $11) 35... Qc7 36. h4 Nc6 37. Bc4 Rdd8 (37... Qd7 {keeps fighting.} 38. h5 gxh5) 38. h5 $1 $18 Nxe5 39. Bf4 (39. Nxe5 Qxe5 40. Qxe5 Bxe5 41. hxg6 Bxb2 $14) 39... Qc6 40. Qxc6 Nxc6 41. hxg6 Nb4 $2 (41... Ne7 42. gxf7+ Kxf7 43. Ne5+ Bxe5 44. Bxe5 Rac8) 42. Ne5 $18 Nd5 43. gxf7+ Kf8 44. Bg3 Bxe5 45. Bxe5 Kxf7 46. Rh1 Rg8 47. Kf3 (47. Rh7+ Kg6 $18) 47... Rxg5 (47... Rac8 $142 48. Bxd5 (48. Rh7+ Kg6 $18) 48... exd5) 48. Rh7+ $18 Kf8 49. Bxd5 exd5 50. Kf4 Rg2 51. c6 Ra6 52. c7 Rc6 53. Rd7 Rxf2+ 54. Ke3 Rfc2 55. Bc3 ({Weaker is} 55. Rxd5 Ke7 56. Rxa5 Rc1 $18) 1-0

[Event "1000 GM Labor Day Super Swiss 2024"]
[Site "San Jose"]
[Date "2024.09.02"]
[Round "5.8"]
[White "Wu, Derek"]
[Black "Sivakumar, Shaashwath"]
[Result "1/2-1/2"]
[Annotator "TA"]
[ECO "D23"]
[WhiteElo "2278"]
[BlackElo "2321"]
[PlyCount "40"]
[EventDate "2024.08.30"]
[EventType "swiss"]
[EventCountry "USA"]
[SourceTitle "playchess.com"]
[Source "ChessBase"]
[SourceQuality "1"]
[TimeControl "5400+30"]

1. d4 d5 2. c4 c6 3. Nf3 Nf6 4. Qc2 dxc4 5. Qxc4 Bg4 6. Nbd2 e6 7. g3 Nbd7 8. Bg2 Be7 {[%emt 0:02:12] The position is equal.} 9. O-O O-O 10. Qb3 Qb6 11. Nc4 Qa6 12. Bd2 Nb6 13. Rfc1 Rad8 14. e3 Nxc4 15. Qxc4 Qxc4 16. Rxc4 Bxf3 17. Bxf3 Rd7 18. Ba5 Ne8 19. Rac1 Nd6 20. R4c2 Ra8 {[%emt 0:01:07] An uneventful encounter.   Weighted Error Value: White=0.02 (flawless) /Black=0.04 (flawless) .  OK:         	White=7     	Black=7} 1/2-1/2

[Event "1000 GM Labor Day Super Swiss 2024"]
[Site "San Jose"]
[Date "2024.09.02"]
[Round "5.9"]
[White "Sivakumar, Shaaketh"]
[Black "Bansal, Advay"]
[Result "1/2-1/2"]
[Annotator "TA"]
[ECO "A30"]
[WhiteElo "2307"]
[BlackElo "2234"]
[PlyCount "89"]
[EventDate "2024.08.30"]
[EventType "swiss"]
[EventCountry "USA"]
[SourceTitle "playchess.com"]
[Source "ChessBase"]
[SourceQuality "1"]
[TimeControl "5400+30"]

1. Nf3 c5 2. c4 Nc6 3. b3 Nf6 4. Bb2 e6 5. e3 Be7 6. Be2 O-O 7. O-O b6 8. d4 cxd4 9. Nxd4 Bb7 10. Bf3 a6 11. Nc3 Qc7 12. Rc1 Nxd4 13. exd4 d6 14. d5 e5 15. Qd2 Nd7 16. Rce1 f5 17. Bd1 Rae8 18. Bc2 g6 19. f4 Bf6 (19... b5 $15 {might be stronger.}) 20. fxe5 Nxe5 21. Kh1 Qd8 22. Ne2 Ng4 23. Bxf6 Qxf6 24. Nd4 Bc8 {[%emt 0:02:10] Prevents Ne6.} 25. h3 {[%emt 0:01:30] Strongly threatening Rxe8.} Ne5 26. Qf2 f4 27. Be4 b5 28. cxb5 axb5 29. Ne6 Bxe6 30. dxe6 Qxe6 31. Qd2 Kg7 32. Bc6 Rc8 33. Bd5 Qf6 34. a4 bxa4 35. bxa4 Qh4 {[%emt 0:00:43] [#]} (35... Rc5 $11 {remains equal.}) 36. Qd4 (36. a5 $1 $16 ) 36... Qg3 $11 {[%emt 0:02:31][%cal Of4f3] White should prevent ...f3!} 37. Bf3 ({White should play} 37. Rb1 $11) 37... Kh6 $15 {[%emt 0:02:22] aiming for ...Nxf3. White is weak on the dark squares} 38. Ra1 {[%emt 0:05:05] [#]} (38. Rb1 $15) 38... Rc2 $1 $17 {[%emt 0:01:26] ( -> ...Nxf3)} 39. Qd1 (39. Qxd6 {leads to mate.} Nxf3 40. Qxf8+ Kh5) 39... Rb2 {[%emt 0:03:19][%cal Oe5d3] ...Nd3! is the strong threat.} 40. Rb1 Rfb8 (40... Nxf3 $17 41. Qxf3 Qxf3 42. gxf3 Re2) 41. Rxb2 $15 Rxb2 42. Qd5 {[%emt 0:04:39] Dodges Ra2} Rc2 43. a5 {[%emt 0:02:17] The position is equal.} Nxf3 44. Qxf3 Ra2 45. Qd5 {[%emt 0:01:09] Weighted Error Value: White=0.16 (very precise) /Black=0.18 (very precise) .  Mistake:       	White=3     	Black=3      Inaccurate:     	White=4     	Black=3      OK:         	White=12    	Black=13     Best:        	---       	Black=2      Strong:       	---       	Black=1} 1/2-1/2

[Event "1000 GM Labor Day Super Swiss 2024"]
[Site "San Jose"]
[Date "2024.09.02"]
[Round "5.10"]
[White "Chinni, Rishabh"]
[Black "Deng, Henry"]
[Result "1/2-1/2"]
[Annotator "TA"]
[ECO "B45"]
[WhiteElo "2220"]
[BlackElo "2338"]
[PlyCount "35"]
[EventDate "2024.08.30"]
[EventType "swiss"]
[EventCountry "USA"]
[SourceTitle "playchess.com"]
[Source "ChessBase"]
[SourceQuality "1"]
[TimeControl "5400+30"]

1. e4 c5 2. Nf3 e6 3. d4 cxd4 4. Nxd4 Nf6 5. Nc3 Nc6 6. Ndb5 Bb4 7. Bf4 Nxe4 8. Qf3 d5 9. Nc7+ Kf8 {[%emt 0:00:05][%cal Oe6e5] Threatens to win with ...e5!} 10. Nxa8 {[%emt 0:00:04] Black must now prevent 0-0-0.} e5 11. Bd2 Nd4 {[%emt 0:00:36][%csl LRc2,LRf3] [#]} 12. Qd1 {[%emt 0:00:06] Nxe4 is the strong threat. White is better.} Qh4 13. g3 Qf6 ({Don't go for} 13... Nxd2 $2 14. gxh4 (14. Bg2 Qh3 $11) 14... N2f3+ 15. Qxf3 Nxf3+ 16. Kd1 $18) 14. Nxe4 (14. Nxd5 $2 Qxf2#) 14... Nf3+ {[%emt 0:00:03] [#]} 15. Ke2 (15. Qxf3 $1 $16 Qxf3 16. Bxb4+ Kg8 17. Nd6 Qxh1 18. O-O-O (18. Nc7 $2 Bg4 $17)) 15... Nd4+ $11 {[%emt 0:01:12] The position is equal.} 16. Ke1 Nf3+ 17. Ke2 Nd4+ 18. Ke1 {[%emt 0:00:57] Weighted Error Value: White=0.13 (very precise) /Black=0.00 (flawless) .  Mistake:       	White=1     	---        OK:         	White=3     	Black=3      Best:        	White=2     	Black=5} 1/2-1/2

[Event "1000 GM Labor Day Super Swiss 2024"]
[Site "San Jose"]
[Date "2024.09.02"]
[Round "5.11"]
[White "Atwell, Rose"]
[Black "Sathish, Pranav"]
[Result "1-0"]
[Annotator "TA"]
[ECO "D02"]
[WhiteElo "2208"]
[BlackElo "2337"]
[PlyCount "73"]
[EventDate "2024.08.30"]
[EventType "swiss"]
[EventCountry "USA"]
[SourceTitle "playchess.com"]
[Source "ChessBase"]
[SourceQuality "1"]
[TimeControl "5400+30"]

1. Nf3 d5 2. g3 Nd7 3. d4 Nb6 4. Nc3 Nf6 5. Bg2 g6 6. O-O Bg7 7. a4 a5 8. b3 {[%emt 0:01:34] White has an edge.} O-O 9. e3 c6 10. Ba3 Re8 11. Ne2 Nfd7 12. Rc1 e5 13. dxe5 Nxe5 14. Nfd4 Qc7 15. h3 Bd7 16. Bc5 Rad8 17. c3 Bc8 18. Ba3 Ned7 19. Nf4 Nf6 20. Qc2 Ne4 21. Rfd1 Qe5 22. c4 dxc4 23. bxc4 c5 (23... Nxg3 $6 24. Nf3 Rxd1+ 25. Qxd1 $16) (23... Bf6 $11 {remains equal.}) 24. Nb5 $16 Nxg3 25. fxg3 $18 {[%emt 0:03:14] [#] aiming for Kh2.} Bd7 $2 {[%emt 0:01:19] Loses the game.} (25... Qxe3+ $16 26. Kh2 Bf5) 26. Qf2 (26. Bxb7 Bxb5 (26... Qxe3+ 27. Qf2 $14) 27. axb5 Qxe3+ 28. Kg2 Qxa3 $15) 26... Bxb5 27. Rxd8 ({But not} 27. axb5 Rxd1+ 28. Rxd1 Nxc4 $18) (27. cxb5 Rxd1+ 28. Rxd1 Nxa4 29. Bxb7 Qxe3 $18) 27... Rxd8 28. axb5 ({Not} 28. cxb5 Nxa4 29. Kh2 (29. Bxb7 c4 $18) 29... h5) 28... Nxc4 $2 (28... Qc7 29. Nd5 Nxd5) 29. Rxc4 Qa1+ 30. Bc1 Rd1+ 31. Kh2 Rxc1 32. Rxc1 Qxc1 33. Bxb7 {[%emt 0:00:28] [#] And now Bd5 would win.} Qb1 34. Qe2 a4 35. Bd5 Be5 (35... Qb4 $142 36. Ng2 Kf8) 36. Ba2 Qc1 (36... Qb4 37. Nd5 Qa3) 37. Nd3 {[%emt 0:01:39][%csl LRc1,LRe5] Weighted Error Value: White=0.27 (precise) /Black=0.53.  Loses game:     	---       	Black=1      Mistake:       	---       	Black=5      Inaccurate:     	White=1     	Black=1      OK:         	White=11    	Black=8      Best:        	White=1     	Black=1} 1-0

[Event "1000 GM Labor Day Super Swiss 2024"]
[Site "San Jose"]
[Date "2024.09.02"]
[Round "5.12"]
[White "Gongora Montes, Benjamin"]
[Black "Garcia Guerrero, Isaac Antonio"]
[Result "0-1"]
[Annotator "TA"]
[ECO "D03"]
[WhiteElo "2111"]
[BlackElo "2291"]
[PlyCount "56"]
[EventDate "2024.08.30"]
[EventType "swiss"]
[EventCountry "USA"]
[SourceTitle "playchess.com"]
[Source "ChessBase"]
[SourceQuality "1"]
[TimeControl "5400+30"]

1. d4 d5 2. Nf3 Nf6 3. Bg5 Ne4 4. Bf4 c5 5. e3 Qb6 6. Nc3 Qa5 7. Bb5+ Nc6 8. O-O {[%emt 0:00:16] Black is slightly better.} Nxc3 9. Bxc6+ bxc6 10. bxc3 f6 {[%emt 0:06:07] Prevents Ne5.} 11. Re1 Qxc3 12. e4 {[%emt 0:07:35][%cal Be3e4,Be4d5,Bd5c6][%mdl 32] Against Bf5} Bg4 {[%emt 0:06:18] Black is more active.} 13. exd5 {[%emt 0:00:43] [#] Black must now prevent d6.} Bxf3 14. gxf3 {[%emt 0:00:16] Threatens to win with d6.} (14. Qxf3 Qxf3 15. gxf3 cxd5 $15) 14... Qxd4 15. dxc6 {[%emt 0:00:54][%cal Oa1b1] And now Rb1! would win.} Rc8 $1 (15... Qxf4 16. Qd7+ Kf7 17. c7 $18) 16. Qe2 Qxf4 17. Qe6 (17. Rad1 $1 $11 {and White has nothing to worry.} Qf5 (17... Rxc6 $2 18. Qb5 $18) 18. Rd7) 17... Qc7 $19 18. Rad1 {[%emt 0:00:12] Threatening mate with Rd7.} Qxc6 19. Rd6 Qc7 (19... Qxf3 $2 {is the wrong capture.} 20. Rd7 $18 (20. Qxc8+ Kf7 $18) (20. Qxc8+ Kf7 $18)) 20. Red1 {[%emt 0:00:09] [#]} Rb8 $1 21. Rd7 Qe5 22. Qc4 Qf5 23. Rxa7 $2 (23. Kg2 a6 (23... Qxd7 $2 24. Rxd7 Kxd7 25. Qa4+ Kc8 26. Qxa7 $17) 24. a4) 23... Qxf3 {[%emt 0:09:05] Black is clearly winning.} 24. Qa4+ Kf7 25. Qc4+ Kg6 26. Rad7 Rb4 27. Qxc5 Rg4+ 28. Kf1 Qh3+ {[%emt 0:00:13] Weighted Error Value: White=0.62/Black=0.07 (flawless) .  Loses game:     	White=1     	---        Mistake:       	White=1     	---        Inaccurate:     	White=2     	Black=2      OK:         	White=9     	Black=10     Best:        	White=1     	Black=5      Strong:       	---       	Black=2} 0-1

[Event "1000 GM Labor Day Super Swiss 2024"]
[Site "San Jose"]
[Date "2024.09.02"]
[Round "5.13"]
[White "Yim, Sung Ho"]
[Black "Guo, Ethan"]
[Result "1-0"]
[Annotator "TA"]
[ECO "A16"]
[WhiteElo "2291"]
[BlackElo "2211"]
[PlyCount "69"]
[EventDate "2024.08.30"]
[EventType "swiss"]
[EventCountry "USA"]
[SourceTitle "playchess.com"]
[Source "ChessBase"]
[SourceQuality "1"]
[TimeControl "5400+30"]

1. Nf3 Nf6 2. c4 g6 3. Nc3 Bg7 4. e4 e5 5. Nxe5 O-O 6. d3 Re8 7. f4 d6 8. Nf3 {[%emt 0:00:09] White is slightly better.} d5 9. e5 dxc4 10. d4 (10. dxc4 Qxd1+ 11. Kxd1 Ng4) 10... Nd5 11. Bxc4 Be6 {[%emt 0:02:57] [#] Hoping for ...Nxc3.} 12. Qb3 Nxc3 13. Bxe6 Rxe6 14. bxc3 {[%emt 0:00:18][%cal Of3g5] Ng5! would now be deadly.} Rb6 15. Qc4 Rc6 16. Qd3 Qd5 {[%emt 0:00:41] Prevents c4.} 17. O-O Nd7 18. Nd2 Nb6 19. Rf3 Rd8 20. Ne4 Na4 (20... Nc4 $16 21. a4 f5) 21. Bd2 (21. Ba3 $18) 21... b5 $16 22. Rb1 a6 23. Rb3 (23. Rf2 $16) 23... Rc4 24. Qe2 Re8 (24... c5 $14) 25. Re3 c5 (25... b4 $16 26. Rxb4 Nb6 27. Rxb6 cxb6) 26. Nd6 cxd4 27. cxd4 ({Don't play} 27. Nxe8 $6 dxe3 28. Qxe3 Re4 $15) 27... Rxd4 28. Nxe8 Rxd2 29. Qf3 {[%emt 0:00:32] [#] Strongly threatening Nf6+.} Qd4 {[%emt 0:00:56] aiming for ...Qa1+.} 30. h3 ({White should try} 30. h4 $16) 30... Nc5 {[%emt 0:00:29] This move loses the game for Black.} (30... Bh6 $1 $11 31. Nf6+ Kg7) 31. Rb1 $18 Bh6 (31... Rxa2 $16 {keeps fighting.} 32. Rd1 Ra1 33. Rxa1 Qxa1+ 34. Kh2 Qd4 35. Nxg7 Kxg7) 32. Nf6+ Kg7 33. Rf1 Nd3 34. Kh1 Nxf4 $2 (34... Bxf4 35. Rxd3 Rxd3 36. Qxf4 Qxf4 37. Rxf4 Re3 38. Ne8+ Kg8) 35. Re4 {[%emt 0:00:36] Weighted Error Value: White=0.14 (very precise) /Black=0.42.  Mistake:       	White=3     	Black=6      Inaccurate:     	White=2     	Black=2      OK:         	White=13    	Black=5      Best:        	White=3     	Black=7} 1-0